 Dungeon Crawl Stone Soup version 0.17-a0-186-g8d083fd (webtiles) character file.

2634 HAL9000 the Changer (level 9, 0/79 HPs)
             Began as a White Draconian Transmuter on Mar 26, 2015.
             Slain by a warg (14 damage)
             ... on level 9 of the Dungeon.
             The game lasted 00:30:47 (11056 turns).

HAL9000 the Changer (White Draconian Transmuter)   Turns: 11056, Time: 00:30:47

Health: 0/79       AC:  2    Str: 12    XL:     9   Next: 35%
Magic:  15/17      EV: 21    Int: 17    God:
Gold:   382        SH:  0    Dex: 17    Spells: 4 memorised, 4 levels left

rFire  . . .     SeeInvis .       - Unarmed
rCold  + . .     Clarity  .     (armour unavailable)
rNeg   . . .     SustAb   .     (shield currently unavailable)
rPois  x         Gourm    +     (helmet currently unavailable)
rElec  .         Spirit   .     (cloak currently unavailable)
rCorr  .         Warding  .     (gloves currently unavailable)
rMut   .         Stasis   .     (boots currently unavailable)
MR     .....                    P - amulet of the gourmand
Stlth  ++........               i - ring of protection from cold
                                K - ring of wizardry

@: about to teleport, spider-form, not resistant to hostile enchantments,
unstealthy
A: (breathe frost), unfitting armour, (cold resistance 0), (cold-blooded), AC +7
a: End Transformation


You were on level 9 of the Dungeon.
You were not hungry.
You were a venomous arachnid creature.
You visited 1 branch of the dungeon, and saw 9 of its levels.

You collected 382 gold pieces.

Inventory:

Missiles
 E - 50 arrows
 L - 2 silver javelins (quivered)
Armour
 u - a +0 pair of gloves (melded)
 y - a +1 hat (melded)
Jewellery
 i - a ring of protection from cold (right front leg)
 C - the ring "Saihiw" {MR++ Slay-2}
   (You found it on level 5 of the Dungeon)

   [ring of slaying]

   It affects your accuracy and damage with ranged weapons and melee attacks
   (-2).
   It affects your resistance to hostile enchantments.
 K - a ring of wizardry (left front leg)
 P - an amulet of the gourmand (around neck)
 Y - an uncursed ring of protection from fire {unknown}
Magical devices
 F - a wand of confusion (21)
 H - a wand of slowing (6)
 V - a wand of digging (10)
Scrolls
 f - 3 scrolls of teleportation
 l - a scroll of enchant weapon
 n - 2 scrolls of fog
 s - 2 scrolls of amnesia
Potions
 g - a potion of ambrosia
 o - a potion of cancellation
 r - 3 potions of brilliance
 I - a potion of restore abilities {unknown}
 M - a potion of beneficial mutation {unknown}
 R - a potion of berserk rage {unknown}
 T - a potion of curing
 U - a potion of haste {unknown}
 W - 2 potions of flight {unknown}
Books
 d - a book of Changes

   Spells                             Type                      Level
   a - Beastly Appendage              Transmutation                1
   b - Sticks to Snakes               Transmutation                2
   c - Spider Form                    Transmutation/Poison         3
   d - Ice Form                       Ice/Transmutation            4
   e - Blade Hands                    Transmutation                5
 X - a book of Burglary

   Spells                             Type                      Level
   a - Swiftness                      Charms/Air                   2
   b - Passwall                       Transmutation/Earth          3
   c - Passage of Golubria            Translocation                4
   d - Lee's Rapid Deconstruction     Earth                        5
   e - Invisibility                   Hexes                        6
   f - Darkness                       Hexes                        7
 Z - a book of Unlife

   Spells                             Type                      Level
   a - Recall                         Summoning/Translocation      3
   b - Animate Dead                   Necromancy                   4
   c - Control Undead                 Necromancy                   4
   d - Cigotuvi's Embrace             Necromancy                   5
   e - Death Channel                  Necromancy                   6
   f - Simulacrum                     Ice/Necromancy               6
Comestibles
 a - 4 bread rations
 h - 3 meat rations
 v - 11 fruits
 w - 2 beef jerkies
 B - a slice of pizza


   Skills:
 - Level 7.1 Fighting
 - Level 3.4 Dodging
 + Level 7.5 Unarmed Combat
 + Level 3.0 Spellcasting
 + Level 7.8 Transmutations


You had 4 spell levels left.
You knew the following spells:

 Your Spells              Type           Power        Failure   Level  Hunger
a - Beastly Appendage     Trmt           ####..       1%          1    None
b - Sticks to Snakes      Trmt           ####......   1%          2    ##.....
c - Spider Form           Trmt/Pois      ###.......   12%         3    ###....
d - Ice Form              Ice/Trmt       ###.....     30%         4    ####...


Dungeon Overview and Level Annotations

Branches:
Dungeon (9/15)             Temple (0/1) D:6             Orc (0/4) D:9
   Lair: D:8-11

Altars:
Makhleb
Okawaru
Ru
Zin
The Shining One

Shops:
D:5 *

Annotations:
D:5 Pikel


Innate Abilities, Weirdness & Mutations

((You can breathe waves of freezing cold.))
((You can buffet flying creatures when you breathe cold.))
((Your icy white scales are hard (AC +7).))
Your body does not fit into most forms of armour.
((Your flesh is cold resistant.))
((You are cold-blooded and may be slowed by cold attacks.))


Message History

The warg bites you. The warg bites you!
You hit the warg.
The warg is heavily wounded.
The hound bites you but does no damage. The warg misses you.
A warg comes into view.
You barely miss the warg.
The warg is heavily wounded.
The hound barely misses you. The warg closely misses you.
You hit the warg.
The warg is heavily wounded.
The hound closely misses you. The warg barely misses you.
You hit the warg.
The warg is heavily wounded.
The hound closely misses you. The warg bites you!
* * * LOW HITPOINT WARNING * * *
The hound barely misses you.
Read which item? (? for menu, Esc to quit)
As you read the scroll of teleportation, it crumbles to dust.
You feel strangely unstable. The warg bites you!
You die...

##.# #..
#######.###
#....%....# #
#........)# #..
#.##.........#...#
#...........%.%#
#.....h.†.# .
#....sh...## ....
#.......h.......
.....
#...#######..>. >..
#...# ... ###.#
###'.## # ....##
###.....### .....#
#A#_..._#2#
.....######.....###
.......######'##.#


You could see 2 wargs and a hound.

Vanquished Creatures
  A wraith (D:7)
  Eustachio (D:6)
  Edmund (D:6)
  4 slaves
  An orc warrior (D:8)
  2 phantoms
  An ogre (D:5)
  2 centaurs
  Sigmund (D:6)
  6 giant frogs
  2 scorpions
  A water moccasin skeleton (D:8)
  8 killer bees
  A centaur skeleton (D:6)
  2 orc wizards (D:8)
  A hound (D:7)
  2 crimson imps
  4 iguanas
  2 orc priests
  4 worker ants
  Natasha (D:6)
  Ijyb (D:6)
  3 gnolls
  12 adders
  A shadow imp (D:4)
  A giant mite (D:7)
  7 worms
  An adder zombie (D:5)
  An ooze (D:5)
  12 orcs
  15 bats
  5 giant cockroaches
  12 goblins
  19 hobgoblins
  6 jackals
  12 kobolds
  5 giant geckos
  A giant gecko skeleton (D:4)
  5 giant newts
  A quokka zombie (D:8)
  18 rats
186 creatures vanquished.

Vanquished Creatures (collateral kills)
  An adder (D:4)
  An ooze (D:2)
  2 orcs
  A ball python (D:5)
5 creatures vanquished.

Grand Total: 191 creatures vanquished

Notes
Turn   | Place    | Note
--------------------------------------------------------------
     0 | D:1      | HAL9000, the Draconian Transmuter, began the quest for the Orb.
     0 | D:1      | Reached XP level 1. HP: 16/16 MP: 3/3
   423 | D:1      | Reached XP level 2. HP: 23/23 MP: 2/4
   455 | D:1      | Learned a level 2 spell: Sticks to Snakes
  1208 | D:2      | Reached XP level 3. HP: 25/28 MP: 3/6
  1661 | D:2      | Found a sacrificial altar of Ru.
  1730 | D:2      | Learned a level 3 spell: Spider Form
  1861 | D:2      | Reached XP level 4. HP: 35/35 MP: 7/7
  2339 | D:2      | Reached skill level 4 in Transmutations
  2906 | D:3      | Found a glowing silver altar of Zin.
  3070 | D:3      | Reached XP level 5. HP: 37/40 MP: 7/9
  3626 | D:4      | Found an iron altar of Okawaru.
  4901 | D:5      | Entered Level 5 of the Dungeon
  4901 | D:5      | Noticed an ogre
  4914 | D:5      | Killed an ogre
  4914 | D:5      | Reached XP level 6. HP: 13/51 MP: 1/10
  5172 | D:5      | Noticed Pikel
  5173 | D:5      | Noticed a slave
  5254 | D:5      | Noticed a phantom
  5274 | D:4      | Reached skill level 5 in Transmutations
  5341 | D:4      | Killed a phantom
  5888 | D:5      | Noticed a slave
  5894 | D:5      | Noticed a slave
  5895 | D:5      | Noticed a slave
  5941 | D:4      | Killed a slave
  6118 | D:4      | Killed a slave
  6211 | D:5      | Killed a slave
  6539 | D:5      | Reached skill level 5 in Unarmed Combat
  6594 | D:5      | Found Urphed's General Store.
  6648 | D:5      | Killed a slave
  6794 | D:6      | Found a staircase to the Ecumenical Temple.
  6794 | D:6      | Noticed Edmund
  6867 | D:5      | Got a scintillating jade ring
  6870 | D:5      | Identified the cursed ring "Saihiw" {MR++ Slay-2} (You found it on level 5 of the Dungeon)
  7061 | D:5      | Your scales start taking on an icy white colour.
  7061 | D:5      | Gained mutation: Your flesh is cold resistant. [draconian maturity]
  7061 | D:5      | Reached XP level 7. HP: 32/59 MP: 4/12
  7392 | D:6      | Killed Edmund
  7493 | D:6      | Noticed Sigmund
  7507 | D:6      | Killed Sigmund
  7507 | D:6      | Reached skill level 6 in Transmutations
  7560 | D:6      | Learned a level 4 spell: Ice Form
  7673 | D:6      | Reached skill level 5 in Fighting
  7827 | D:6      | Noticed Eustachio
  7833 | D:6      | Killed Eustachio
  7833 | D:6      | Reached XP level 8. HP: 60/68 MP: 6/13
  7916 | D:6      | Noticed Ijyb
  7935 | D:6      | Killed Ijyb
  7971 | D:6      | Noticed Natasha
  7974 | D:6      | Killed Natasha
  8347 | D:7      | Reached skill level 7 in Transmutations
  9833 | D:8      | Reached XP level 9. HP: 47/78 MP: 10/14
 10672 | D:8      | Found a glowing golden altar of the Shining One.
 11016 | D:9      | Found a burning altar of Makhleb.
 11016 | D:9      | Found a glowing silver altar of Zin.
 11017 | D:9      | Noticed an angel
 11017 | D:9      | Noticed a green death
 11036 | D:9      | Found a staircase to the Orcish Mines.
 11056 | D:9      | Slain by a warg

Action                   |  1- 3 |  4- 6 |  7- 9 || total
-------------------------+-------+-------+-------++-------
Melee: Unarmed           |   138 |   347 |   337 ||   822
 Cast: Beastly Appendage |    10 |    22 |    16 ||    48
       Sticks to Snakes  |     6 |    19 |     8 ||    33
       Spider Form       |     2 |    14 |    16 ||    32
       Ice Form          |       |       |     2 ||     2
 Abil: End Transformatio |     2 |     9 |    13 ||    24
       Breathe Frost     |       |       |     7 ||     7
Evoke: Wand              |       |       |     1 ||     1
  Use: Scroll            |       |    11 |     7 ||    18
 Stab: Sleeping          |     4 |     2 |     1 ||     7
       Distracted        |       |     1 |     1 ||     2
  Eat: Chunk             |     4 |    21 |    18 ||    43
       Fruit             |       |       |     3 ||     3
